AoeStats
← Noobieski

African Clearing

510548396Analyzed
4v4 RM · 1d ago on Oct 1, 2026· 42m 30s· 8 players
Game mode
Random Map
Map size
Large (8 player)
Population
200
Speed
Normal
Resources
Standard
Victory
Conquest
Starting age
Dark Age
Ending age
Imperial Age
RankedLock teamsTeams togetherTeam positionsShared explorationLock speedFull tech treeHidden civsTurbo modeCheats
Victory
Defeat
🇸🇪 Danes · Sweden
1245
+14
🇨🇳 Italians · China
1242
+14
🇪🇸 Spanish · Spain
1228
+15
🇭🇰 Huns · Hong Kong SAR China
1207
+16
🇫🇷 Mongols · France
1231
-16
🇪🇸 Ethiopians · Spain
1222
-16
🇪🇸 Huns · Spain
1183
-14
🇳🇱 Spanish · Netherlands
1171
-13
KingGustavRed
8:21 Loom
13:15 Feudal Age
14:03 Man-at-Arms
14:34 Double-Bit Axe
17:27 Fletching
26:09 Castle Age
37:31 Bow Saw
38:40 Wheelbarrow
38:49 Wheelbarrow
40:27 Horse Collar
caxolator
3:56 Loom
17:46 Feudal Age
18:29 Horse Collar
31:49 Castle Age
36:18 Padded Archer Armor
慌狂的鼹鼠
14:39 Feudal Age
18:20 Castle Age
16:39 Loom
16:50 Double-Bit Axe
17:03 Fletching
17:22 Padded Archer Armor
19:57 Bow Saw
22:13 Wheelbarrow
21:38 Bodkin Arrow
21:59 Leather Archer Armor
23:24 Horse Collar
24:36 Husbandry
24:46 Bloodlines
26:34 Bloodlines
27:47 Ballistics
33:45 Imperial Age
33:39 Hand Cart
33:10 Town Watch
33:59 Gold Mining
33:59 Stone Mining
34:27 Thumb Ring
36:13 Parthian Tactics
37:12 Bracer
39:09 Conscription
40:42 Chemistry
40:16 Heavy Cavalry Archer
Noobieski
4:49 Loom
12:53 Feudal Age
19:33 Castle Age
17:32 Horse Collar
18:19 Double-Bit Axe
22:27 Wheelbarrow
26:15 Town Watch
27:53 Bow Saw
30:18 Fletching
34:10 Imperial Age
31:50 Stone Mining
31:52 Gold Mining
32:28 Padded Archer Armor
33:54 Elite Skirmisher
35:56 Chemistry
34:56 Bodkin Arrow
36:06 Bracer
42:22 Hand Cart
42:09 Town Patrol
42:26 Leather Archer Armor
42:27 Heavy Plow
Atès
6:39 Loom
16:59 Feudal Age
21:02 Castle Age
21:37 Double-Bit Axe
24:07 Fletching
24:18 Padded Archer Armor
25:51 Wheelbarrow
28:53 Bodkin Arrow
29:14 Leather Archer Armor
35:15 Ballistics
38:24 Imperial Age
36:57 Forging
36:53 Scale Barding Armor
37:20 Light Cavalry
38:11 Bloodlines
38:16 Husbandry
39:13 Chain Barding Armor
39:29 Iron Casting
38:48 Gold Mining
Roke6
12:49 Feudal Age
13:31 Double-Bit Axe
14:55 Bloodlines
15:38 Forging
16:20 Scale Barding Armor
22:15 Castle Age
21:58 Loom
22:03 Horse Collar
22:40 Stone Mining
23:45 Stone Mining
29:20 Town Watch
30:10 Gold Mining
34:52 Fletching
35:03 Padded Archer Armor
36:19 Bodkin Arrow
40:21 Imperial Age
38:45 Elite Skirmisher
40:20 Leather Archer Armor
41:19 Bow Saw
Barrios
5:25 Loom
12:50 Feudal Age
13:23 Double-Bit Axe
17:48 Fletching
24:47 Castle Age
23:00 Gold Mining
23:24 Padded Archer Armor
24:54 Crossbowman
25:42 Thumb Ring
25:29 Horse Collar
29:41 Wheelbarrow
31:18 Bow Saw
31:10 Stone Mining
31:18 Bodkin Arrow
33:42 Leather Archer Armor
37:45 Forging
41:30 Imperial Age
39:42 Ballistics
40:47 Iron Casting
Deer in an Ibex Suit
8:38 Loom
14:10 Feudal Age
18:44 Double-Bit Axe
20:27 Town Watch
24:22 Castle Age
22:14 Horse Collar
23:51 Bloodlines
23:56 Scale Barding Armor
24:30 Gold Mining
24:31 Stone Mining
29:23 Fletching
32:11 Wheelbarrow
35:58 Bodkin Arrow
36:38 Ballistics
36:30 Masonry
38:10 Masonry
41:36 Imperial Age
Connection lost

Rejoining the realm…

Still unreachable

The connection could not be restored.

Session expired

The server has moved on; the page needs a fresh start.